 Dungeon Crawl Stone Soup version 0.22.0-5-gf09313c (webtiles) character file.

816 zishaf the Stinger (level 7, 0/41 HPs)
             Began as an Octopode Venom Mage on Aug 13, 2018.
             Was an Initiate of Vehumet.
             Slain by a wyvern skeleton (8 damage)
             ... on level 5 of the Dungeon.
             The game lasted 00:11:33 (4882 turns).

zishaf the Stinger (Octopode Venom Mage)            Turns: 4882, Time: 00:11:34

Health: 0/41       AC:  1    Str:  7    XL:     7   Next: 94%
Magic:  25/25      EV: 15    Int: 19    God:    Vehumet [......]
Gold:   185        SH:  0    Dex: 13    Spells: 4/10 levels left

rFire    . . .     SeeInvis .   u - staff of power
rCold    . . .     Gourm    .   (no shield)
rNeg     . . .     Faith    .   (helmet restricted)
rPois    .         Spirit   .   (no amulet)
rElec    .         Reflect  .   (no ring)
rCorr    .         Harm     .   (no ring)
MR       .....                  (no ring)
Stlth    +++.......             (no ring)
HPRegen  0.13/turn              (no ring)
MPRegen  0.19/turn              (no ring)
                                (no ring)
                                (no ring)

@: no status effects
A: almost no armour, stealthy swim, amphibious, 8 rings, constrict 8, camouflage
1, gelatinous body 1
a: Renounce Religion


You were on level 5 of the Dungeon.
You worshipped Vehumet.
Vehumet was noncommittal.
You were not hungry.

You visited 2 branches of the dungeon, and saw 6 of its levels.

You collected 185 gold pieces.

Inventory:

Hand Weapons
 s - a +0 hunting sling
Missiles
 h - 76 sling bullets
 k - 4 tomahawks (quivered)
 t - 2 throwing nets
Magical Staves
 u - an uncursed staff of power (weapon)
Wands
 p - a wand of polymorph (12)
 w - a wand of acid (12)
 x - a wand of flame (38)
Scrolls
 a - a scroll of remove curse
 c - 2 scrolls of enchant armour {unknown}
 f - a scroll of blinking {unknown}
 n - 5 scrolls of identify {unknown}
 r - 3 scrolls of teleportation {unknown}
 y - a scroll of random uselessness {unknown}
Potions
 d - 3 potions of brilliance {unknown}
 e - a potion of invisibility {unknown}
 g - 3 potions of cancellation {unknown}
 i - a potion of flight {unknown}
 l - 3 potions of heal wounds {unknown}
 m - 2 potions of curing {unknown}
 o - 2 potions of haste {unknown}
 q - 2 potions of agility {unknown}
 v - a potion of mutation {unknown}
Comestibles
 b - 8 rations
 j - 3 chunks of flesh


   Skills:
 + Level 3.1 Throwing
 + Level 4.8 Dodging
 - Level 3.0 Stealth
 - Level 2.0 Spellcasting
 + Level 4.4 Conjurations
 + Level 6.6 Poison Magic


You had 4 spell levels left.
You knew the following spells:

 Your Spells              Type           Power        Failure   Level  Hunger
a - Sting                 Conj/Pois      ###.         1%          1    #......
b - Poisonous Vapours     Pois/Air       ##....       7%          2    ###....
c - Mephitic Cloud        Conj/Pois/Air  ###.....     12%         3    ###....

Your spell library contained the following spells:

 Spells                   Type           Power        Failure   Level  Hunger
 Venom Bolt               Conj/Pois      ###.......   43%         5    ######.
 Olgreb's Toxic Radiance  Pois           ####....     11%         4    #####..


Dungeon Overview and Level Annotations

Branches:
Dungeon (5/15)             Temple (1/1) D:4

Altars:
Ashenzari
Cheibriados
Dithmenos
Elyvilon
Gozag
Hepliaklqana
Kikubaaqudgha
Makhleb
Qazlal
Ru
Sif Muna
Trog
Uskayaw
Vehumet
Wu Jian
Xom
Yredelemnul
Zin
The Shining One

Shops:
D:4 [

Annotations:
D:3 2 transporters
D:5 2 transporters, Spaninq's ghost, novice DrAM


Innate Abilities, Weirdness & Mutations

You cannot wear most types of armour.
You are very stealthy in the water. (Stealth+)
You are amphibious.
You can wear up to eight rings at the same time.
You can use your tentacles to constrict eight enemies at once.
Your skin changes colour to match your surroundings (Stealth+).
Your rubbery body absorbs attacks. (AC +1, EV +1)


Message History

The wyvern skeleton is severely damaged.
The wyvern skeleton bites you! The wyvern skeleton bites you.
* * * LOW HITPOINT WARNING * * *
You are too injured to fight recklessly!
You are too injured to fight recklessly!
The wyvern skeleton barely misses you.
Casting: Poisonous Vapours (safe; 7% risk of failure)
Confirm with . or Enter, or press ? or * to list all spells.
You can't see any susceptible monsters within range! (Use Z to cast anyway.)
The wyvern skeleton misses you. The wyvern skeleton closely misses you.
The wyvern skeleton barely misses you. The wyvern skeleton bites you!
* * * LOW HITPOINT WARNING * * *
There is an open door here.
The wyvern skeleton barely misses you.
There is an open door here.
The wyvern skeleton barely misses you. The wyvern skeleton bites you!
You die...

#........#........#
#........#######..#
#........#....##..#
+........#....#...#
##........'....#...#
..........####'##..#
..........#....##..#
..........#....Z...#
..........#....รท@..#
##........#....##..#
.###+#....#....##..#
..#..#....#....#...#
..#..'....#....#...#
..#..#....#....#...#
..#..#.[..#'#####..#
..#..#....#....##..#
.#####....#........#


You could see a wyvern skeleton.

Vanquished Creatures
  2 ogres (D:4)
  A centaur (D:5)
  A bullfrog (D:4)
  A howler monkey (D:5)
  2 crimson imps
  An orc priest (D:3)
  Terence (D:3)
  2 orc wizards
  Natasha (twice) (D:3 D:5)
  4 worker ants
  4 adders
  An ooze (D:4)
  6 worms
  2 dart slugs
  5 leopard geckos
  9 orcs
  6 bats
  4 giant cockroaches
  6 hobgoblins
  4 jackals (D:4)
  2 kobolds
  A quokka (D:5)
  A ball python (D:2)
  3 frilled lizards
  4 goblins
  A jackal skeleton (D:5)
  A leopard gecko skeleton (D:4)
  A leopard gecko zombie (D:5)
  10 rats
88 creatures vanquished.

Notes
Turn   | Place    | Note
-------+----------+-------------------------------------------
     0 | D:1      | zishaf the Octopode Venom Mage began the quest for the Orb.
     0 | D:1      | Reached XP level 1. HP: 11/11 MP: 3/3
   162 | D:1      | Reached XP level 2. HP: 17/17 MP: 3/5
   188 | D:1      | Found a shimmering altar of Xom.
   655 | D:1      | Reached skill level 4 in Poison Magic
   936 | D:2      | Reached XP level 3. HP: 17/21 MP: 0/6
  1045 | D:2      | Learned a level 2 spell: Poisonous Vapours
  1049 | D:2      | Learned a level 3 spell: Mephitic Cloud
  1471 | D:3      | Noticed Natasha
  1478 | D:3      | Killed Natasha
  1478 | D:3      | Reached XP level 4. HP: 27/27 MP: 0/7
  1699 | D:3      | Found a transporter.
  1712 | D:3      | Found a transporter.
  1716 | D:3      | Noticed a big kobold
  1885 | D:3      | Reached XP level 5. HP: 28/31 MP: 5/8
  1978 | D:3      | Reached skill level 5 in Poison Magic
  2354 | D:3      | Noticed Terence
  2364 | D:3      | Killed Terence
  2425 | D:3      | Found an ornate altar of the Wu Jian Council.
  2727 | D:4      | Noticed an ogre
  2744 | D:4      | Killed an ogre
  2744 | D:4      | Reached skill level 1 in Throwing
  2744 | D:4      | Reached XP level 6. HP: 36/36 MP: 9/9
  3114 | D:4      | Reached XP level 7. HP: 41/41 MP: 10/10
  3356 | D:4      | Found Siadunas's Armour Emporium.
  3641 | D:4      | Reached skill level 6 in Poison Magic
  3718 | D:4      | Found a staircase to the Ecumenical Temple.
  3856 | Temple   | Entered the Ecumenical Temple
  4087 | Temple   | Became a worshipper of Vehumet
  4129 | D:5      | Entered Level 5 of the Dungeon
  4486 | D:5      | Found a transporter.
  4501 | D:5      | Found a transporter.
  4502 | D:5      | Noticed Spaninq's ghost (novice DrAM)
  4653 | D:5      | Noticed Natasha
  4661 | D:5      | Killed Natasha
  4882 | D:5      | Slain by a wyvern skeleton

Skill      XL: |  1  2  3  4  5  6  7 |
---------------+----------------------+-----
Stealth        | 3 |  3.0
Poison Magic   | 4 5 6 |  6.6
Conjurations   | 2 3 4 |  4.4
Dodging        | 3 4 |  4.8
Throwing       | 1 2 3 |  3.1
Spellcasting   | |  2.0

Action                   |  1- 3 |  4- 6 |  7- 9 || total
-------------------------+-------+-------+-------++-------
Melee: Unarmed           |     5 |       |       ||     5
       Constrict         |     6 |    15 |    13 ||    34
       Mace              |    10 |    48 |       ||    58
       Tentacles         |     3 |    11 |    12 ||    26
       Staff             |       |     2 |    62 ||    64
Throw: Tomahawk          |     5 |     4 |       ||     9
       Throwing net      |       |     1 |       ||     1
 Cast: Sting             |    41 |    13 |       ||    54
       Poisonous Vapours |     6 |    25 |    18 ||    49
       Mephitic Cloud    |       |     4 |     1 ||     5
  Use: Scroll            |       |     1 |       ||     1
 Stab: Sleeping          |     1 |     7 |     2 ||    10
       Confused          |       |       |     1 ||     1
  Eat: Chunk             |     2 |     8 |     7 ||    17
Armor: Skin              |     1 |     5 |     4 ||    10
Dodge: Dodged            |    13 |    39 |    52 ||   104
